 Dungeon Crawl Stone Soup version 0.19-a0-1091-g463c9de (webtiles) character file.

58 Gagarin the Bolt Thrower (level 4, -3/25 HPs)
             Began as a Kobold Arcane Marksman on Aug 7, 2016.
             Slain by Grinder (5 damage)
             ... while paralysed by Grinder
             ... on level 3 of the Dungeon.
             The game lasted 00:06:46 (2046 turns).

Gagarin the Bolt Thrower (Kobold Arcane Marksman)   Turns: 2046, Time: 00:06:47

Health: -3/25      AC:  3    Str:  9    XL:     4   Next: 20%
Magic:  5/6        EV:  3    Int: 11    God:
Gold:   169        SH:  0    Dex: 16    Spells: 2 memorised, 3 levels left

rFire  . . .     SeeInvis .     a - +0 hand crossbow
rCold  . . .     Gourm    .     e - +0 robe
rNeg   . . .     Faith    .     (shield restricted)
rPois  .         Spirit   .     (no helmet)
rElec  .         Dismiss  .     s - +0 cloak
rCorr  .         Reflect  .     (no gloves)
SustAt .         Harm     .     (no boots)
MR     .....                    (no amulet)
Stlth  +.........               (no ring)
                                (no ring)

@: paralysed
A: carnivore 3
a: no special abilities


You were on level 3 of the Dungeon.
You were very full.

You visited 1 branch of the dungeon, and saw 3 of its levels.

You collected 169 gold pieces.

Inventory:

Hand Weapons
 a - a +0 hand crossbow (weapon)
 o - a +0 dagger
Missiles
 d - 25 bolts (quivered)
Armour
 e - a +0 robe (worn)
 s - a +0 cloak (worn)
Jewellery
 j - an uncursed amulet of harm {unknown}
 q - an uncursed ring of flight {unknown}
Scrolls
 b - 2 scrolls of remove curse {unknown}
 g - 3 scrolls of teleportation {unknown}
 t - a scroll of blinking {unknown}
 u - a scroll of enchant weapon {unknown}
 w - 2 scrolls of identify
 y - a scroll of noise {unknown}
 A - a scroll of immolation {unknown}
Potions
 h - 2 potions of flight
 i - 2 potions of agility {unknown}
 k - 2 potions of resistance {unknown}
 l - 2 potions of degeneration {unknown}
 n - a potion of might {unknown}
 p - 2 potions of curing
 r - a potion of heal wounds {unknown}
 v - a potion of beneficial mutation {unknown}
 z - a potion of invisibility {unknown}
 B - a potion of lignification {unknown}
Books
 c - a book of Debilitation

   Spells                             Type                      Level
   a - Corona                         Hexes                        1
   b - Slow                           Hexes                        2
   c - Gell's Gravitas                Hexes/Translocation          3
   d - Inner Flame                    Hexes/Fire                   3
   e - Cause Fear                     Hexes                        4
   f - Leda's Liquefaction            Hexes/Earth                  4
Comestibles
 f - 4 meat rations
 m - a royal jelly
 x - a slice of pizza


   Skills:
 + Level 1.1 Fighting
 + Level 3.7 Crossbows
 + Level 2.7 Dodging
 + Level 1.8 Spellcasting
 + Level 3.4 Hexes


You had 3 spell levels left.
You knew the following spells:

 Your Spells              Type           Power        Failure   Level  Hunger
a - Corona                Hex            #......      10%         1    ##.....
b - Slow                  Hex            #.......     14%         2    ###....


Dungeon Overview and Level Annotations

Branches:
Dungeon (3/15)

Altars:
Fedhas

Annotations:
D:3 Grinder


Innate Abilities, Weirdness & Mutations

You are small and have problems with some larger weapons.
You are carnivorous and can eat meat at any time.


Message History

Grinder is moderately wounded.
Grinder stops glowing.
Casting: Corona
Confirm with . or Enter, or press ? or * to list all spells.
Aiming: Corona
Press: ? - help, Shift-Dir - straight line, f/p - Grinder
Aim: Grinder (moderately wounded, chance to defeat MR: 43%) Grinder is outlined in light.
Grinder hits you!
You writhe in agony.
Firing (i - inventory):
d - 26 bolts (quivered)
Press: ? - help, Shift-Dir - straight line, f/p - Grinder
Aim: Grinder (moderately wounded, softly glowing)
You shoot a bolt. The bolt hits Grinder!
Grinder is heavily wounded.
Grinder gestures at you.
You suddenly lose the ability to move!
Grinder hits you.
You writhe in agony.
Grinder gestures at you. Pain shoots through your body!
* * * LOW HITPOINT WARNING * * *
Grinder hits you.
You die...

#......###############
#>....................
#.####.###############
#......# #.....##
#.##>## . ...#
#.##.##### .. ....
#.##.#<..# ... ..##
#....@5..# ....
#.#####(.##...((
######........(......
#.............##.($..
#.####.#####.#####.##
#.#####.......#
#.##..........##
#...............
####..........# .


You could see Grinder.

Vanquished Creatures
  An adder (D:2)
  A worm (D:2)
  A dart slug (D:1)
  An orc (D:2)
  A giant cockroach (D:1)
  7 goblins
  2 hobgoblins (D:2)
  9 jackals
  A quokka (D:2)
  2 bats
  4 giant newts
  5 kobolds
  5 rats
40 creatures vanquished.

Notes
Turn   | Place    | Note
-------+----------+-------------------------------------------
     0 | D:1      | Gagarin the Kobold Arcane Marksman began the quest for the Orb.
     0 | D:1      | Reached XP level 1. HP: 12/12 MP: 2/2
   115 | D:1      | Reached XP level 2. HP: 16/16 MP: 3/3
   719 | D:2      | Found a blossoming altar of Fedhas.
   730 | D:2      | Reached XP level 3. HP: 18/20 MP: 0/4
  1031 | D:2      | Learned a level 2 spell: Slow
  1596 | D:2      | Reached XP level 4. HP: 10/25 MP: 3/6
  1996 | D:3      | Noticed Grinder
  2039 | D:3      | Paralysed by Grinder for 3 turns
  2044 | D:3      | Paralysed by Grinder for 7 turns
  2046 | D:3      | Slain by Grinder

Vault maps used:
D:1:      ncdulo_lavacross
D:2:      nicolae_overflow_hidden_temple, minmay_misc_feat_x
D:3:      lemuel_upstairs_altar, fiery_altar_vehumet, lemuel_round_altar,
          lemuel_doored_altar, supply_closet_lemuel, uniq_grinder

Skill      XL: |  1  2 |
---------------+-------+-----
Crossbows      | 3 |  3.7
Fighting       | |  1.1
Dodging        | |  2.7
Spellcasting   | |  1.8
Hexes          | |  3.4

Action                   |  1- 3 |  4- 6 || total
-------------------------+-------+-------++-------
 Fire: Hand crossbow     |    78 |     9 ||    87
 Cast: Corona            |    27 |     2 ||    29
       Slow              |     2 |     1 ||     3
  Use: Scroll            |       |     2 ||     2
  Eat: Chunk             |    12 |       ||    12
Armor: Robe              |     4 |     1 ||     5
Dodge: Dodged            |    32 |       ||    32
